 Dungeon Crawl Stone Soup version 0.18.1-48-g4cf74bf (webtiles) character file.

138 grulito the Ducker (level 5, 0/41 HPs)
             Began as a Merfolk Skald on June 29, 2016.
             Slain by Sigmund
             ... wielding a +2 scythe of freezing
              (2 damage)
             ... on level 3 of the Dungeon.
             The game lasted 00:12:56 (4797 turns).

grulito the Ducker (Merfolk Skald)                  Turns: 4797, Time: 00:12:57

Health: 0/41       AC:  4    Str: 12    XL:     5   Next: 21%
Magic:  1/8        EV: 13    Int: 13    God:
Gold:   117        SH:  0    Dex: 13    Spells: 3 memorised, 2 levels left

rFire  + . .     SeeInvis .     a - +0 short sword
rCold  . . .     Gourm    +     b - +0 leather armour
rNeg   . . .     Faith    .     (no shield)
rPois  .         Spirit   .     (no helmet)
rElec  .         Dismiss  .     (no cloak)
rCorr  .         Reflect  .     v - +0 pair of gloves
SustAt .         Harm     .     (no boots)
MR     .....                    h - amulet of the gourmand
Stlth  +.........               r - ring of wizardry
                                l - ring of protection from fire

@: not resistant to hostile enchantments, very unstealthy
A: change form in water, swift swim
a: no special abilities


You were on level 3 of the Dungeon.
You were hungry.

You visited 1 branch of the dungeon, and saw 4 of its levels.

You collected 117 gold pieces.

Inventory:

Hand Weapons
 a - a +0 short sword (weapon)
Missiles
 k - 63 stones (quivered)
Armour
 b - a +0 leather armour (worn)
 v - a +0 pair of gloves (worn)
Jewellery
 h - an amulet of the gourmand (around neck)
 l - a ring of protection from fire (left hand)
 r - a ring of wizardry (right hand)
Wands
 i - a wand of random effects (4/48)
 x - a wand of polymorph (14/24)
Scrolls
 f - a scroll of remove curse {unknown}
 m - a scroll of identify {unknown}
 o - a scroll of magic mapping {unknown}
 q - a scroll of immolation {unknown}
 s - a scroll of fear {unknown}
 t - 2 scrolls of blinking {unknown}
 u - a scroll of teleportation {unknown}
Potions
 e - a potion of degeneration {unknown}
 g - a potion of cure mutation {unknown}
 n - 3 potions of berserk rage {unknown}
 p - 2 potions of curing {unknown}
 w - a potion of resistance {unknown}
Books
 c - a book of Battle

   Spells                             Type                      Level
   a - Infusion                       Charms                       1
   b - Shroud of Golubria             Charms/Translocation         2
   c - Song of Slaying                Charms                       2
   d - Spectral Weapon                Hexes/Charms                 3
   e - Regeneration                   Charms/Necromancy            3
Comestibles
 d - 4 bread rations
 j - a meat ration


   Skills:
 * Level 3.2 Fighting
 * Level 3.4 Short Blades
 - Level 0.6 Armour
 + Level 4.2 Dodging
 - Level 2.0 Spellcasting
 * Level 3.8 Charms
 + Level 0.1 Necromancy
 - Level 0.2 Translocations


You had 2 spell levels left.
You knew the following spells:

 Your Spells              Type           Power        Failure   Level  Hunger
a - Infusion              Chrm           ##..         4%          1    ##.....
b - Shroud of Golubria    Chrm/Tloc      #.........   9%          2    ###....
c - Regeneration          Chrm/Necr      #.........   26%         3    ####...


Dungeon Overview and Level Annotations

Branches:
Dungeon (4/15)
 Temple: D:4-7

Altars:
Qazlal

Annotations:
D:3 Sigmund


Message History

Sigmund is severely wounded.
Your skin stops crawling.
Sigmund hits you with a scythe of freezing!
Sigmund freezes you.
You hit Sigmund but do no damage.
Sigmund is severely wounded.
Sigmund hits you with a scythe of freezing!
* * * LOW HITPOINT WARNING * * *
Sigmund freezes you.
* * * LOW HITPOINT WARNING * * *
You hit Sigmund.
Sigmund is almost dead.
You hit Sigmund.
Sigmund is almost dead.
Sigmund gestures wildly while chanting.
Sigmund flickers and vanishes!
You hit something but do no damage. Something hits you.
* * * LOW HITPOINT WARNING * * *
Something freezes you.
You die...

#.........####....##..###########
...#>.##...##..##.#..##
................#...##
.................#..#
.....#..............#
...#.#..............##
...<.................#####
.#.#.##.)................#
.....###...##.>.@{#......# .##..#
####)..#.#........# .##..#
#.###..#.......# ..#.># #
##..##......# .....#
.......#.##### ......
......#.#... ..... ..........#.#
....#. .............. ..#..#
........#.......


There were no monsters in sight!

Vanquished Creatures
  7 adders
  3 worms (D:2)
  3 dart slugs (D:2)
  8 bats
  4 giant cockroaches
  8 goblins
  9 hobgoblins
  2 jackals (D:2)
  6 kobolds
  2 ball pythons
  3 giant newts
  5 rats
60 creatures vanquished.

Notes
Turn   | Place    | Note
--------------------------------------------------------------
     0 | D:1      | grulito the Merfolk Skald began the quest for the Orb.
     0 | D:1      | Reached XP level 1. HP: 16/16 MP: 3/3
   239 | D:1      | Reached XP level 2. HP: 15/23 MP: 5/5
   859 | D:1      | Learned a level 2 spell: Shroud of Golubria
   872 | D:1      | Reached skill level 2 in Dodging
  1324 | D:2      | Reached XP level 3. HP: 20/28 MP: 3/6
  2998 | D:2      | Reached skill level 3 in Dodging
  3005 | D:2      | Reached XP level 4. HP: 28/34 MP: 7/7
  3741 | D:2      | Learned a level 3 spell: Regeneration
  3765 | D:3      | Reached skill level 4 in Dodging
  3888 | D:3      | Found a stormy altar of Qazlal.
  3967 | D:3      | Reached XP level 5. HP: 41/41 MP: 8/8
  4408 | D:3      | Noticed Sigmund
  4797 | D:3      | HP: 2/41 [something (3)]
  4797 | D:3      | Slain by Sigmund

Skill      XL: |  1  2  3  4 |
---------------+-------------+-----
Dodging        | 2 3 4 |  4.2
Short Blades   | 3 |  3.4
Fighting       | 3 |  3.2
Armour         | |  0.6
Spellcasting   | |  2.0
Charms         | |  3.8
Necromancy     | |  0.1
Translocations | |  0.2

Action                   |  1- 3 |  4- 6 || total
-------------------------+-------+-------++-------
Melee: Short sword       |   212 |   142 ||   354
 Cast: Shroud of Golubri |     4 |     3 ||     7
       Regeneration      |       |     5 ||     5
       Infusion          |       |     1 ||     1
  Eat: Chunk             |     4 |     8 ||    12
       Bread ration      |     1 |       ||     1
Armor: Leather armour    |    51 |    32 ||    83
Dodge: Dodged            |   126 |    91 ||   217
